 Dungeon Crawl Stone Soup version 0.17.0-55-g1383181 (console) character file.

22 Kloppie the Firebug (level 2, -8/20 HPs)
             Began as a Draconian Fire Elementalist on Dec 4, 2015.
             Mangled by a gnoll
             ... wielding a +0 spear
              (10 damage)
             ... on level 1 of the Dungeon.
             The game lasted 00:01:42 (1295 turns).

Kloppie the Firebug (Draconian Fire Elementalist)   Turns: 1295, Time: 00:01:42

Health: -8/20      AC:  4    Str: 10    XL:     2   Next: 68%
Magic:  0/5        EV: 12    Int: 15    God:
Gold:   36         SH:  0    Dex: 11    Spells: 1 memorised, 4 levels left

rFire  . . .     SeeInvis .     e - +0 club
rCold  . . .     Clarity  .     (armour unavailable)
rNeg   . . .     SustAt   .     (no shield)
rPois  .         Gourm    .     (helmet restricted)
rElec  .         Spirit   .     (no cloak)
rCorr  .         Warding  .     (no gloves)
rMut   .         Stasis   .     (no boots)
MR     .....                    (no amulet)
Stlth  ++........               (no ring)
                                (no ring)

@: very slightly contaminated, not resistant to hostile enchantments, unstealthy
A: unfitting armour, cold-blooded, AC +4
a: no special abilities


You were on level 1 of the Dungeon.
You were not hungry.

You visited 1 branch of the dungeon, and saw 1 of its levels.

You collected 36 gold pieces.

Inventory:

Hand Weapons
 e - a +0 club (weapon)
Jewellery
 f - an uncursed ring of poison resistance {unknown}
Scrolls
 c - a scroll of enchant armour {unknown}
 d - 3 scrolls of immolation {unknown}
 i - a scroll of enchant weapon {unknown}
Potions
 g - a potion of invisibility {unknown}
Books
 a - a book of Flames

   Spells                             Type                      Level
   a - Flame Tongue                   Conjuration/Fire             1
   b - Throw Flame                    Conjuration/Fire             2
   c - Conjure Flame                  Conjuration/Fire             3
   d - Inner Flame                    Hexes/Fire                   3
   e - Sticky Flame                   Conjuration/Fire             4
   f - Fireball                       Conjuration/Fire             5
Comestibles
 b - a bread ration


   Skills:
 - Level 1.7 Dodging
 - Level 1.7 Stealth
 - Level 2.0 Spellcasting
 + Level 2.1 Conjurations
 + Level 3.4 Fire Magic


You had 4 spell levels left.
You knew the following spells:

 Your Spells              Type           Power        Failure   Level  Hunger
a - Flame Tongue          Conj/Fire      #....        10%         1    #......


Dungeon Overview and Level Annotations

Branches:
Dungeon (1/15)

Altars:


Innate Abilities, Weirdness & Mutations

Your plain brown scales are hard (AC +4).
Your body does not fit into most forms of armour.
You are cold-blooded and may be slowed by cold attacks.


Message History

The gnoll hits you from afar with a spear.
* * * LOW HITPOINT WARNING * * *
The gnoll hits you from afar with a spear.
* * * LOW HITPOINT WARNING * * *
Casting: Flame Tongue
Confirm with . or Enter, or press ? or * to list all spells.
Aiming: Flame Tongue
Press: ? - help, Shift-Dir - straight line, f/p - gnoll
Aim: a gnoll, wielding a spear (moderately wounded)
The flame tongue misses the gnoll.
Casting: Flame Tongue
Confirm with . or Enter, or press ? or * to list all spells.
Aiming: Flame Tongue
Press: ? - help, Shift-Dir - straight line, f/p - gnoll
Aim: a gnoll, wielding a spear (moderately wounded)
The flame tongue hits the gnoll.
The gnoll is heavily wounded.
The gnoll hits you from afar with a spear!
Ouch! That really hurt!
You die...

..........#.##...................
..........#.##..)..........######
..........#................#
...#......#.##.............#
.................#.........#
####.>.........#.#......[..#
.....#.#########.#.........#
.###.#.#..............######
...#.#.#.#######@###### ####.#.#
#.# .....#.# #g# ######.#
#######.# .......# #.......#
.#####.# #.####### .......# ####
.#####.# .... .......# ....


You could see a gnoll.

Vanquished Creatures
  A giant cockroach (D:1)
  4 goblins (D:1)
  A hobgoblin (D:1)
  3 jackals (D:1)
  7 kobolds (D:1)
  2 giant newts (D:1)
  2 rats (D:1)
20 creatures vanquished.

Notes
Turn   | Place    | Note
--------------------------------------------------------------
     0 | D:1      | Kloppie the Draconian Fire Elementalist began the quest for the Orb.
     0 | D:1      | Reached XP level 1. HP: 14/14 MP: 3/3
   577 | D:1      | Reached XP level 2. HP: 14/20 MP: 5/5
  1292 | D:1      | HP: 1/20 [gnoll/spear (6)]
  1295 | D:1      | Mangled by a gnoll

Action                   || total
-------------------------++-------
Melee: Unarmed           ||    22
       Club              ||    48
 Cast: Flame Tongue      ||    25
  Eat: Chunk             ||     2
